 Dungeon Crawl Stone Soup version 0.32-a0-361-g289a535e89 (webtiles) character file.

Game seed: 18122556557917193577

1148 cforsyth the Trooper (level 8, -1/62 HPs)
             Began as a Djinni Fire Elementalist on Feb 18, 2024.
             Slain by a white imp (7 damage)
             ... on level 5 of the Dungeon.
             The game lasted 00:10:22 (4782 turns).

cforsyth the Trooper (Djinni Fire Elementalist)     Turns: 4782, Time: 00:10:22

Health: -1/62      AC:  4    Str:  6 (7)  XL:     8   Next: 65%
Gold:   298        EV: 12    Int: 18 (19) God:
                   SH:  0    Dex: 11 (14)

rFire   + + .        (no weapon)
rCold   x . .        (no shield)
rNeg    . . .        a - +0 robe
rPois   ∞            l - +1 helmet
rElec   .            (no cloak)
rCorr   .            (no gloves)
SInv    .            (boots unavailable)
Will    .....        (no amulet)
Stlth   ++           (no ring)
HPRegen 0.30/turn    (no ring)
MPRegen 0.00/turn

%: infuse magic (-2 HP)
@: mighty, about to teleport, attractive, flying
A: sickness immunity, fire resistance 2, cold vulnerability 1, float, innate
caster, HP casting, extra vitality 1
a: no special abilities


You were on level 5 of the Dungeon.
You visited 1 branch of the dungeon, and saw 5 of its levels.

You collected 298 gold pieces.


Innate Abilities, Weirdness & Mutations

You are immune to sickness and miasma.
You are immune to poison.
Your flesh is very heat resistant. (rF++)
You are vulnerable to cold. (rC-)
You float through the air rather than walking.
You learn spells naturally, not from books.
Your magical power is your life essence.
You have superior vitality. (+4 MHP)


   Skills:
 + Level 6.9 Fighting
 - Level 2.1 Dodging
 - Level 1.5 Stealth
 + Level 6.1 Spellcasting
 + Level 6.1 Conjurations
 + Level 6.1 Hexes
 + Level 6.1 Summonings
 + Level 6.1 Necromancy
 + Level 6.1 Translocations
 + Level 6.1 Fire Magic
 + Level 6.1 Ice Magic
 + Level 6.1 Air Magic
 + Level 6.1 Earth Magic
 + Level 6.1 Alchemy


You knew the following spells:

 Your Spells              Type           Power      Damage    Failure   Level
c - Call Imp              Summ           54%        N/A       1%          2
f - Foxfire               Conj/Fire      100%       2x1d9     1%          1
i - Swiftness             Air            27%        N/A       3%          3
r - Inner Flame           Hex/Fire       27%        N/A       3%          3
z - Sandblast             Erth           54%        2d13      1%          1
X - Scorch                Fire           54%        2d7       1%          2
Y - Volatile Blastmotes   Fire/Tloc      54%        2d14      3%          3
Z - Flame Wave            Conj/Fire      27%        2d9       10%         4
Your spell library was empty.

Inventory:

Armour
 a - a +0 robe (worn)
 l - a +1 helmet (worn)
 s - a +0 pair of gloves
 t - a +2 scale mail of cold resistance
Magical Staves
 q - a staff of air {!a}
Wands
 o - a wand of flame (6)
 w - a wand of light (13)
Scrolls
 b - 2 scrolls of vulnerability {unknown}
 c - a scroll of enchant armour
 d - 4 scrolls of identify {@r1}
 e - a scroll of teleportation {@r2}
 g - a scroll of fear {unknown}
 h - 2 scrolls of blinking
 k - a scroll of noise {unknown}
 n - a scroll of poison
 p - a scroll of revelation {unknown}
 r - a scroll of silence {unknown}
Potions
 f - a potion of resistance
 j - 2 potions of lignification
 m - a potion of degeneration
 v - a potion of haste {unknown}
 x - a potion of brilliance

Dungeon Overview and Level Annotations

Branches:
Dungeon (5/15)
 Temple: D:4-7

Altars:
Wu Jian
Xom
Yredelemnul

Annotations:
D:2 1 runed translucent door, Crazy Yiuf

### ### #.## ###.##
##..## .###.##
##.#.†## ..##..##
#§###{o## ....#..##
##§# ###5###
........## ##5##
##..##
......>..#######@§#
##o5#
...............☼§##
##.).#
#.............§§☼##
##))...
#........######§§.#
....# ........##
####§..# ...##
.........###........
.....
.....................
.....
......................
.....
......###.....###.....


You could see a white imp.


Message History

As you read the scroll labelled JOBEUQ TELEFOETO, it crumbles to dust.
It was a scroll of poison.
Something hits you.
* * * LOW HITPOINT WARNING * * *
Unknown command.
Okay, then.
You hear some strange, mumbled words.
A puff of flame appears from out of thin air!
The puff of flame hits you. You resist.
* * * LOW HITPOINT WARNING * * *
Something is attracted toward you. The white imp is attracted toward you.
Something is attracted toward you. The white imp is attracted toward you.
The orc is attracted toward you.
Reactivating autopickup.
You feel a bit more experienced. The white imp is attracted toward you.
The orc is attracted toward you.
As you read the scroll labelled JOR CEROKHACS, it crumbles to dust.
You feel strangely unstable.
It was a scroll of teleportation.
The orc is engulfed in poison gas.
The orc is poisoned.
You kill the orc!
The white imp hits you.
* * * LOW HITPOINT WARNING * * *
The white imp freezes you.
You feel a terrible chill!
* * * LOW HITPOINT WARNING * * *
Unknown command.
It was a potion of might.
You feel very mighty all of a sudden. The white imp hits you.
* * * LOW HITPOINT WARNING * * *
The white imp freezes you!
You feel a terrible chill!
You die...

Skill      XL: |  1  2  3  4  5  6  7  8 |
---------------+-------------------------+-----
Fighting       | 1 2 3 4 5 6 |  6.9
Spellcasting   | 4 5 6 |  6.1
Conjurations   | 4 5 6 |  6.1
Hexes          | 4 5 6 |  6.1
Summonings     | 4 5 6 |  6.1
Necromancy     | 4 5 6 |  6.1
Translocations | 4 5 6 |  6.1
Fire Magic     | 4 5 6 |  6.1
Ice Magic      | 4 5 6 |  6.1
Air Magic      | 4 5 6 |  6.1
Earth Magic    | 4 5 6 |  6.1
Alchemy        | 4 5 6 |  6.1
Dodging        | |  2.1
Stealth        | |  1.5

Action                     |  1- 3 |  4- 6 |  7- 9 || total
---------------------------+-------+-------+-------++-------
   Cast: Foxfire           |    64 |   137 |   135 ||   336
         Scorch            |       |     8 |    19 ||    27
    Use: Potion            |       |     2 |     6 ||     8
         Scroll            |       |       |     5 ||     5
 Armour: Robe              |     2 |    24 |    27 ||    53
         Skin              |       |       |     3 ||     3
  Dodge: Dodged            |     3 |    15 |    14 ||    32

Levels and vault maps discovered:
D:1:      dpeg_arrival_ratfight, layout_basic, minmay_tetromino_l4
D:2:      layout_basic, basic_altar, uniq_natasha, uniq_robin,
          uniq_crazy_yiuf_cottage
D:3:      layout_rooms, uniq_jessica
D:4:      minmay_thinvault, layout_rooms, grunt_temple_overflow_cloverleaf,
          chequers_serial_rivers_room_b, uniq_blork_the_orc
D:5:      layout_layer_cave

Notes
Turn   | Place    | Note
-------+----------+-------------------------------------------
     0 | D:1      | cforsyth the Djinni Fire Elementalist began the quest for
                  | the Orb.
     0 | D:1      | cforsyth set off with the following spells memorised:
                  | Foxfire, Scorch, Volatile Blastmotes, Inner Flame, Flame
                  | Wave.
     0 | D:1      | Reached XP level 1. HP: 15/15 MP: 0/0
    33 | D:1      | Reached XP level 2. HP: 20/22 MP: 0/0
    45 | D:1      | Reached skill level 1 in Fighting
   207 | D:1      | Reached XP level 3. HP: 25/27 MP: 0/0
   207 | D:1      | Learned a level 1 spell: Sandblast
   341 | D:1      | Reached skill level 2 in Fighting
   690 | D:1      | Reached XP level 4. HP: 33/33 MP: 0/0
   992 | D:2      | Noticed Robin
  1082 | D:1      | HP: 2/34 [hobgoblin[Robin] (5)]
  1252 | D:2      | Found a shimmering altar of Xom.
  1361 | D:2      | Reached XP level 5. HP: 30/40 MP: 0/0
  1361 | D:2      | Learned a level 2 spell: Call Imp
  1364 | D:2      | Reached skill level 3 in Fighting
  1364 | D:2      | Reached skill level 4 in Spellcasting
  1364 | D:2      | Reached skill level 4 in Conjurations
  1364 | D:2      | Reached skill level 4 in Hexes
  1364 | D:2      | Reached skill level 4 in Summonings
  1364 | D:2      | Reached skill level 4 in Necromancy
  1364 | D:2      | Reached skill level 4 in Translocations
  1364 | D:2      | Reached skill level 4 in Fire Magic
  1364 | D:2      | Reached skill level 4 in Ice Magic
  1364 | D:2      | Reached skill level 4 in Air Magic
  1364 | D:2      | Reached skill level 4 in Earth Magic
  1364 | D:2      | Reached skill level 4 in Alchemy
  1558 | D:2      | Found a runed translucent door.
  1559 | D:2      | Noticed Crazy Yiuf
  1787 | D:2      | Killed Robin
  1875 | D:2      | Noticed Natasha
  1886 | D:2      | Killed Natasha
  2094 | D:2      | Noticed Natasha
  2099 | D:2      | Killed Natasha
  2118 | D:2      | Noticed Natasha
  2122 | D:2      | Killed Natasha
  2123 | D:2      | Reached XP level 6. HP: 40/47 MP: 0/0
  2191 | D:3      | Noticed Jessica
  2196 | D:3      | Killed Jessica
  2197 | D:3      | Reached skill level 4 in Fighting
  2625 | D:3      | Reached XP level 7. HP: 50/53 MP: 0/0
  2625 | D:3      | Learned a level 3 spell: Swiftness
  2999 | D:4      | Reached skill level 5 in Fighting
  2999 | D:4      | Reached skill level 5 in Spellcasting
  2999 | D:4      | Reached skill level 5 in Conjurations
  2999 | D:4      | Reached skill level 5 in Hexes
  2999 | D:4      | Reached skill level 5 in Summonings
  2999 | D:4      | Reached skill level 5 in Necromancy
  2999 | D:4      | Reached skill level 5 in Translocations
  2999 | D:4      | Reached skill level 5 in Fire Magic
  2999 | D:4      | Reached skill level 5 in Ice Magic
  2999 | D:4      | Reached skill level 5 in Air Magic
  2999 | D:4      | Reached skill level 5 in Earth Magic
  2999 | D:4      | Reached skill level 5 in Alchemy
  3393 | D:4      | Noticed Blork the orc
  3399 | D:4      | Killed Blork the orc
  3400 | D:4      | Reached XP level 8. HP: 45/61 MP: 0/0
  3510 | D:4      | Found a shimmering altar of Xom.
  3513 | D:4      | Found an ornate altar of the Wu Jian Council.
  3519 | D:4      | Found a basalt altar of Yredelemnul.
  3977 | D:5      | Entered Level 5 of the Dungeon
  4081 | D:5      | Reached skill level 6 in Fighting
  4762 | D:5      | Reached skill level 6 in Spellcasting
  4762 | D:5      | Reached skill level 6 in Conjurations
  4762 | D:5      | Reached skill level 6 in Hexes
  4762 | D:5      | Reached skill level 6 in Summonings
  4762 | D:5      | Reached skill level 6 in Necromancy
  4762 | D:5      | Reached skill level 6 in Translocations
  4762 | D:5      | Reached skill level 6 in Fire Magic
  4762 | D:5      | Reached skill level 6 in Ice Magic
  4762 | D:5      | Reached skill level 6 in Air Magic
  4762 | D:5      | Reached skill level 6 in Earth Magic
  4762 | D:5      | Reached skill level 6 in Alchemy
  4768 | D:5      | Identified 2 potions of resistance
  4781 | D:5      | HP: 6/62 [white imp (3)]
  4782 | D:5      | Slain by a white imp

Vanquished Creatures
  An ice beast (D:5)
  An ogre (D:5)
  A phantom (D:4)
  Blork the orc (D:4)
  A scorpion (D:4)
  A bombardier beetle (D:5)
  A gnoll bouda (D:4)
  3 hounds
  An orc priest (D:5)
  A jelly (D:4)
  Jessica (D:3)
  2 iguanas
  2 orc wizards (D:5)
  Natasha (thrice) (D:2)
  Robin (D:2)
  12 adders
  4 ufetubi (D:5)
  6 dart slugs
  11 orcs
  7 ball pythons
  3 bats
  6 endoplasms
  5 giant cockroaches
  12 goblins
  3 hobgoblins (D:1)
  5 jackals
  7 kobolds
  9 quokkas
  3 frilled lizards
  10 rats
124 creatures vanquished.

Vanquished Creatures (others)
  An orc wizard (D:5)
  572 foxfires
573 creatures vanquished.

Grand Total: 697 creatures vanquished

Table legend: (Time is in decaauts)
 A = Elapsed time spent in this place.
 B = Non-inter-level travel time spent in this place.
 C = Inter-level travel time spent in this place.
 D = Time resting spent in this place.
 E = Time spent auto-exploring this place.
 F = Levels seen in this place.
 G = Mean time per level.
                   A        B        C        D        E       F      G
               +--------+--------+--------+--------+--------+-----+--------+
         Total |   4784 |   4596 |    188 |    168 |   3674 |   5 |  956.8 |
       Dungeon |   4784 |   4596 |    188 |    168 |   3674 |   5 |  956.8 |
               +--------+--------+--------+--------+--------+-----+--------+

Top non-repeatable levels by time:
     D:4: 1181 daAuts
     D:1: 1173 daAuts
     D:2: 1021 daAuts
     D:5: 782 daAuts
     D:3: 626 daAuts

Table legend:
 A = Non-vault XP
 B = Vault XP
 C = Vault XP percentage of total XP
 D = Non-vault monster count
 E = Vault monster count
 F = Vault count percentage of total count
                 A         B        C        D         E       F
            +---------+---------+-------+---------+---------+-------
      Total |    1120 |     521 |  31.7 |      90 |      35 |  28.0
            +---------+---------+-------+---------+---------+-------
        D:1 |      55 |      30 |  35.3 |      19 |      12 |  38.7
        D:2 |     141 |      74 |  34.4 |      18 |       9 |  33.3
        D:3 |     213 |      38 |  15.1 |      27 |       1 |   3.6
        D:4 |     179 |     379 |  67.9 |      12 |      13 |  52.0
        D:5 |     532 |       0 |   0.0 |      14 |       0 |   0.0
            +---------+---------+-------+---------+---------+-------
